 Seeded DCSS version 0.28.0-45-g0d030f2227 (webtiles) character file.

Game seed: 7525391049535536568 (custom seed)

42 zeratav the Ruffian (level 3, 36/36 HPs)
             Began as a Troll Fighter on Apr 19, 2022.
             Quit the game on level 2 of the Dungeon.
             The game lasted 00:01:39 (796 turns).

zeratav the Ruffian (Troll Fighter)                  Turns: 796, Time: 00:01:40

Health: 36/36      AC:  4    Str: 26    XL:     3   Next: 35%
Magic:  2/2        EV:  8    Int:  4    God:
Gold:   87         SH:  7    Dex:  9    Spells: 2/2 levels left

rFire   . . .      SeeInvis .     - Unarmed
rCold   . . .      Faith    .   b - +0 kite shield
rNeg    . . .      Spirit   .   a - +0 robe
rPois   .          Reflect  .   (helmet restricted)
rElec   .          Harm     .   (no cloak)
rCorr   .          Rampage  .   (gloves unavailable)
Will    .....                   (boots unavailable)
Stlth   +.........              (no amulet)
HPRegen 0.92/turn               (no ring)
MPRegen 0.08/turn               (no ring)

@: no status effects
A: large, unfitting armour, claws 3, regeneration 1, shaggy fur 1, tough skin 1
a: no special abilities


You were on level 2 of the Dungeon.
You visited 1 branch of the dungeon, and saw 2 of its levels.

You collected 87 gold pieces.


Innate Abilities, Weirdness & Mutations

You are too large for most types of armour.
You have claws for hands.
Your natural rate of healing is unusually fast.
You are covered in fur. (AC +1)
You have tough skin. (AC +1)


   Skills:
 - Level 2.4 Fighting
 - Level 2.4 Dodging
 - Level 2.4 Shields
 + Level 3.8 Unarmed Combat


You had 2 spell levels left.
You didn't know any spells.
Your spell library contained the following spells:

 Spells                   Type           Power      Damage    Failure   Level
 Magic Dart               Conj           0%         1d3       80%         1
 Call Imp                 Summ           0%         N/A       91%         2
 Mephitic Cloud           Conj/Pois/Air  0%         N/A       99%         3

Inventory:

Hand Weapons
 f - the +8 war axe of Dishonour {vorpal, rElec rF+ Will++ Str-5 Stlth-, axe}
   (You found it on level 2 of the Dungeon)

   It inflicts extra damage upon your enemies.
   Str:       It affects your strength (-5).
   rF:        It protects you from fire.
   rElec:     It insulates you from electricity.
   Will:      It greatly increases your willpower.
   Stlth:     It makes you less stealthy.
Armour
 a - a +0 robe (worn)
 b - a +0 kite shield (worn)
Scrolls
 e - a scroll of vulnerability {unknown}
 j - a scroll of summoning {unknown}
Potions
 c - a potion of might
 d - a potion of magic {unknown}

Dungeon Overview and Level Annotations

Branches:
Dungeon (2/15)

Altars:

#.##.....#
#.##.....#
#.##.....#
#.##.....#
#.##.....#
#.# ...#
#.# .....
#.##?..#.#
#.@......#
#.########
###


There were no monsters in sight!


Message History

No target in view!
You now have 87 gold pieces (gained 7).
Found a stone staircase leading down.
As you open the door, it creaks loudly!
An adder and a kobold come into view.
The kobold shouts!
You scratch the kobold. The kobold barely misses you.
You closely miss the kobold.
A quokka comes into view.
The kobold hits you with a +0 dagger.
HP[-2]
You take 2 damage, and now have 27/29 hp.
You miss the kobold. You block the kobold's attack.
The kobold hits you with a +0 dagger.
HP[-2]
You take 2 damage, and now have 25/29 hp.
You scratch the kobold but do no damage.
The kobold hits you but does no damage.
HP[+1]
You closely miss the kobold. The kobold hits you with a +0 dagger.
You claw the kobold!
You kill the kobold!
You block the adder's attack.
You have reached level 3!
Your experience leads to an increase in your attributes!
Increase (S)trength, (I)ntelligence, or (D)exterity?
You feel stronger. x3
HP[+8] MP[+1]
You now have 36 max hp (+7).
You regained 8 hp, and now have 34/36 hp.
Your mp is fully restored (2).
You scratch the adder. The adder closely misses you.
HP[+1]
You claw the adder!
You kill the adder!
HP[+1]
Your hp is fully restored (36).
You scratch the quokka. You block the quokka's attack. x2
You scratch the quokka but do no damage.
You block the quokka's attack.
You scratch the quokka but do no damage.
The quokka closely misses you.
You barely miss the quokka. The quokka bites you.
HP[-2]
You take 2 damage, and now have 34/36 hp.
You barely miss the quokka. The quokka barely misses you.
You block the quokka's attack.
HP[+1]
You claw the quokka!
You kill the quokka!
HP[+1]
Your hp is fully restored (36).
No target in view!
No target in view!
No target in view!
No target in view!
No target in view!
No target in view!
No target in view!
No target in view!
No target in view!
No target in view!
No target in view!
No target in view!
No target in view!
No target in view!
No target in view!
No target in view!
There is an open door, spattered with blood here.
Items here: ) †††.
There is an open door, spattered with blood here.
Items here: ) †††.
You see here a +0 plate armour.
You see here 24 stones {throwing}.
A worm comes into view.
A worm is nearby!
You scratch the worm. The worm barely misses you.
You barely miss the worm. You block the worm's attack.
You claw the worm! You mangle the worm!!
You kill the worm!
No target in view!
No target in view!
No target in view!
No target in view!
No target in view!
No target in view!
No target in view!
No target in view!
No target in view!
No target in view!
No target in view!
No target in view!
No target in view!
No target in view!
No target in view!
No target in view!
No target in view!
f - the +8 war axe of Dishonour {vorpal, rElec rF+ Will++ Str-5 Stlth-, axe} Are you sure you want to abandon this character and quit the game? (Confirm with "yes".)

Skill      XL: |  1  2 |
---------------+-------+-----
Unarmed Combat | 3 |  3.8
Fighting       | |  2.4
Dodging        | |  2.4
Shields        | |  2.4

Action                   || total
-------------------------++-------
Melee: Unarmed           ||    74
Armor: Robe              ||    25
Dodge: Dodged            ||    26
Block: Kite shield       ||    24

Levels and vault maps discovered:
D:1:      saegor_arrival_simple_a, layout_rooms,
          hellmonk_ecumenical_altar_inner_sanctum, serial_bayou_pond_b
D:2:      layout_basic

Notes
Turn   | Place    | Note
-------+----------+-------------------------------------------
     0 | D:1      | zeratav the Troll Fighter began the quest for the Orb.
     0 | D:1      | Reached XP level 1. HP: 22/22 MP: 0/0
     0 | D:1      | magus.rc [v1.9.6]
    58 | D:1      | Reached XP level 2. HP: 29/29 MP: 1/1
   182 | D:1      | You pick up a book of Minor Magic and begin reading...
   182 | D:1      | You add the spells Magic Dart, Call Imp and Mephitic Cloud
                  | to your library.
   313 | D:1      | Found a faded altar of an unknown god.
   322 | D:1      | Reached skill level 3 in Unarmed Combat
   729 | D:2      | Reached XP level 3. HP: 34/36 MP: 2/2
   794 | D:2      | Identified the +8 war axe of Dishonour {vorpal, rElec rF+
                  | Will++ Str-5 Stlth-}
   796 | D:2      | Quit the game

Vanquished Creatures
  An adder (D:2)
  2 worms (D:2)
  3 ball pythons
  2 endoplasms
  A goblin (D:1)
  5 hobgoblins
  A quokka (D:2)
  2 bats (D:1)
  A frilled lizard (D:1)
  8 kobolds
26 creatures vanquished.

Vanquished Creatures (others)
  2 plants (D:1)
2 creatures vanquished.

Grand Total: 28 creatures vanquished

Table legend:
 A = Non-vault XP
 B = Vault XP
 C = Vault XP percentage of total XP
 D = Non-vault monster count
 E = Vault monster count
 F = Vault count percentage of total count
                 A         B        C        D         E       F
            +---------+---------+-------+---------+---------+-------
      Total |      55 |       6 |   9.8 |      23 |       3 |  11.5
            +---------+---------+-------+---------+---------+-------
        D:1 |      20 |       6 |  23.1 |      12 |       3 |  20.0
        D:2 |      35 |       0 |   0.0 |      11 |       0 |   0.0
            +---------+---------+-------+---------+---------+-------

Illustrated notes

Table legend:
 A = Kills in this place as a percentage of kills in entire the game.
 B = Kills by you in this place as a percentage of kills by you in the entire game.
 C = Kills by friends in this place as a percentage of kills by friends in the entire game.
 D = Other kills in this place as a percentage of other kills in the entire game.
 E = Experience gained in this place as a percentage of experience gained in the entire game.
 F = Experience gained in this place divided by the number of levels of this place that you have seen.
                   A       B       C       D       E      F
               +-------+-------+-------+-------+-------+----------------------
         Total | 100.0 | 100.0 |   N/A |   N/A | 100.0 |  30.5
       Dungeon | 100.0 | 100.0 |   N/A |   N/A | 100.0 |  30.5
               +-------+-------+-------+-------+-------+----------------------

Table legend: (Time is in decaauts)
 A = Elapsed time spent in this place.
 B = Non-inter-level travel time spent in this place.
 C = Inter-level travel time spent in this place.
 D = Time resting spent in this place.
 E = Time spent auto-exploring this place.
 F = Levels seen in this place.
 G = Mean time per level.
                   A        B        C        D        E       F      G
               +--------+--------+--------+--------+--------+-----+--------+
         Total |    803 |    783 |     20 |      0 |    611 |   2 |  401.5 |
       Dungeon |    803 |    783 |     20 |      0 |    611 |   2 |  401.5 |
               +--------+--------+--------+--------+--------+-----+--------+

Top non-repeatable levels by time:
     D:1: 439 daAuts
     D:2: 363 daAuts
